 Dungeon Crawl Stone Soup version 0.31.0-9-g3a7656b989 (webtiles) character file.

Game seed: 6633058437721440512

793 qw the Shooter (level 7, -1/35 HPs)
             Began as a Spriggan Hunter on Feb 2, 2024.
             Was an Initiate of Okawaru.
             Incinerated by a bombardier beetle (5 damage)
             ... with a burning spray
             ... on level 6 of the Dungeon.
             The game lasted 00:00:29 (3870 turns).

qw the Shooter (Spriggan Hunter)                    Turns: 3870, Time: 00:00:29

Health: -1/35      AC:  2    Str:  7    XL:     7   Next: 57%
Magic:  8/8        EV: 22    Int: 11    God:    Okawaru [......]
Gold:   243        SH:  0    Dex: 20    Spells: 6/6 levels left

rFire   . . .        a - +1 shortbow
rCold   . . .        (shield currently unavailable)
rNeg    + . .        c - +0 robe
rPois   .            (helmet restricted)
rElec   .            (no cloak)
rCorr   +            (gloves unavailable)
SInv    +            (boots unavailable)
Will    +....        (no amulet)
Stlth   +            g - ring of resist corrosion
HPRegen 0.25/turn    h - ring of positive energy
MPRegen 0.11/turn

%: no passive effects
@: on fire, glowing, very quick
A: very small, no large weapons, unfitting armour, see invisible, speed 3
a: Renounce Religion


You were on level 6 of the Dungeon.
You worshipped Okawaru.
Okawaru was noncommittal.
You visited 1 branch of the dungeon, and saw 6 of its levels.

You collected 243 gold pieces.


Innate Abilities, Weirdness & Mutations

You are very small and have problems with some larger weapons.
You are too small for most types of armour.
You have supernaturally acute eyesight. (SInv)
You cover ground extremely quickly. (Speed+++)


   Skills:
 - Level 2.6 Fighting
 + Level 7.6 Ranged Weapons
 - Level 7.0 Dodging
 - Level 1.5 Stealth


You had 6 spell levels left.
You didn't know any spells.
Your spell library was empty.

Inventory:

Hand Weapons
 a - a +1 shortbow (weapon)
Armour
 c - a +0 robe (worn)
Jewellery
 g - a ring of resist corrosion (left hand)
 h - a ring of positive energy (right hand)
Wands
 b - a wand of paralysis (9)
Potions
 d - a potion of curing
 e - a potion of mutation
 f - a potion of enlightenment {unknown}

Dungeon Overview and Level Annotations

Branches:
Dungeon (6/15)             Temple (0/1) D:5

Altars:
Ashenzari
Makhleb
Okawaru
Qazlal
Wu Jian

Shops:
D:1 (


Message History

You climb downwards.
Found a hand axe.
There is a stone staircase leading up here.
Waypoint 5 assigned to D:6.
A bombardier beetle comes into view.
You shoot an arrow.
The arrow hits the bombardier beetle but does no damage.
You shoot an arrow.
The arrow barely misses the bombardier beetle.
You shoot an arrow.
The arrow hits the bombardier beetle but does no damage.
You shoot an arrow.
The arrow barely misses the bombardier beetle.
You shoot an arrow. The arrow hits the bombardier beetle!
The bombardier beetle is severely wounded.
The bombardier beetle sprays incendiary fluid at you.
The burning spray hits you.
You are covered in liquid fire!
You shoot an arrow.
The arrow closely misses the bombardier beetle.
The liquid fire burns you!
You shoot an arrow. The arrow hits the bombardier beetle.
The bombardier beetle is almost dead.
The liquid fire burns you!
The bombardier beetle sprays incendiary fluid at you.
The burning spray hits you.
You are even more covered in liquid fire!
You shoot an arrow. The arrow hits the bombardier beetle!
You kill the bombardier beetle!
Okawaru accepts your kill. The liquid fire burns you!
You are on fire!
The liquid fire burns you!
You are on fire!
The liquid fire burns you!
You are on fire!
The liquid fire burns you!
You are on fire!
The liquid fire burns you!
You die...

#+# ..# .. #.
#%### #.@.#
###.# ###
#.#########
....#.........#
##...........#
..............##
######.........#
#.....<...#
#.........#


There were no monsters in sight!

Vanquished Creatures
  An ogre (D:5)
  A phantom (D:5)
  A scorpion (D:3)
  A hound (D:4)
  A sleepcap (D:5)
  A bombardier beetle (D:6)
  A jelly (D:4)
  5 orc priests
  Ijyb (D:4)
  2 iguanas
  2 orc wizards
  9 adders
  A white imp (D:5)
  2 dart slugs
  A ribbon worm (D:2)
  6 orcs
  5 endoplasms
  2 giant cockroaches
  10 goblins
  6 hobgoblins
  2 quokkas
  8 ball pythons
  9 bats
  6 frilled lizards
  5 kobolds
  11 rats
100 creatures vanquished.

Notes
Turn   | Place    | Note
-------+----------+-------------------------------------------
     0 | D:1      | qw the Spriggan Hunter began the quest for the Orb.
     0 | D:1      | Reached XP level 1. HP: 10/10 MP: 2/2
     0 | D:1      | 0 ||| qw: Version: 0.3-a-155-g5e7d8dd
     0 | D:1      | 0 ||| qw: Game counter: 632
     0 | D:1      | 0 ||| qw: Melee chars always use a shield: true
     0 | D:1      | 0 ||| qw: God list: Okawaru
     0 | D:1      | 0 ||| qw: Allow faded altars: false
     0 | D:1      | 0 ||| qw: Do Orc after clearing Dungeon:15 true
     0 | D:1      | 0 ||| qw: Do second Lair branch before Depths: true
     0 | D:1      | 0 ||| qw: Lair rune preference: random
     0 | D:1      | 0 ||| qw: Goals: Normal
     0 | D:1      | 0 ||| PLANNING D:1-11
    16 | D:1      | Reached skill level 3 in Dodging
    81 | D:1      | Found Suonodd's Weapon Emporium.
   107 | D:1      | Reached XP level 2. HP: 12/14 MP: 3/3
   638 | D:1      | 638 ||| DROPPING ring of wizardry.
   639 | D:1      | 639 ||| READING scroll labelled TET VIREDIUNT.
   639 | D:1      | 639 ||| IDENTIFYING sedimented grey potion
   640 | D:1      | 640 ||| READING scroll labelled UGOUKHE DIWN.
   641 | D:1      | 641 ||| READING scroll labelled RIROME ALAMI.
   641 | D:1      | 641 ||| ENCHANTING +0 shortbow.
   642 | D:1      | 642 ||| READING scroll labelled JOSIKODUDD.
   645 | D:1      | 645 ||| DROPPING scroll of butterflies.
   646 | D:1      | 646 ||| DROPPING potion of lignification.
   672 | D:2      | 672 ||| RETREEEEATING.
   674 | D:2      | Reached XP level 3. HP: 17/18 MP: 4/4
   742 | D:2      | Identified the +6 dagger of the Pit {antimagic, ^Fragile
                  | Fly Str+4}
   848 | D:2      | Reached XP level 4. HP: 22/22 MP: 5/5
  1514 | D:3      | Found a broken altar of Ashenzari.
  2086 | D:3      | 2086 ||| READING scroll of identify.
  2086 | D:3      | 2086 ||| IDENTIFYING amethyst potion
  2087 | D:3      | 2087 ||| READING scroll labelled FUSIRO SAUVOQE.
  2087 | D:3      | 2087 ||| ENCHANTING +0 shortbow.
  2088 | D:3      | 2088 ||| READING scroll labelled SEILUR NUCVUCS.
  2189 | D:3      | 2189 ||| DROPPING potion of brilliance.
  2206 | D:4      | Noticed Ijyb
  2206 | D:4      | Noticed a scorpion
  2209 | D:4      | 2209 ||| STAIRDANCE
  2213 | D:3      | Killed a scorpion
  2214 | D:3      | Reached XP level 5. HP: 10/27 MP: 6/6
  2293 | D:4      | Paralysed by Ijyb for 3 turns
  2308 | D:4      | HP: 5/20 [Ijyb/+1 dagger of draining (2)]
  2309 | D:4      | 2309 ||| READING scroll of teleportation.
  2310 | D:4      | Paralysed by Ijyb for 2 turns
  2390 | D:4      | Paralysed by Ijyb for 2 turns
  2393 | D:4      | Killed Ijyb
  2403 | D:4      | Found a stormy altar of Qazlal.
  2537 | D:4      | Reached skill level 6 in Ranged Weapons
  2537 | D:4      | Reached XP level 6. HP: 29/31 MP: 7/7
  2568 | D:4      | Reached skill level 6 in Dodging
  2636 | D:4      | Found an iron altar of Okawaru.
  2636 | D:4      | Found a burning altar of Makhleb.
  2637 | D:4      | 2637 ||| PLANNING OKAWARU WORSHIP
  2637 | D:4      | 2637 ||| READING scroll of identify.
  2637 | D:4      | 2637 ||| IDENTIFYING bubbling blue potion
  2638 | D:4      | 2638 ||| READING scroll labelled HEAFUS QEAVEAKAMP.
  2742 | D:4      | Became a worshipper of Warmaster Okawaru
  2743 | D:4      | 2743 ||| PLANNING D:1-11
  2755 | D:4      | Found an ornate altar of the Wu Jian Council.
  2926 | D:4      | 2926 ||| UPGRADING to ring of resist corrosion.
  2938 | D:5      | Entered Level 5 of the Dungeon
  2940 | D:5      | 2940 ||| STAIRDANCE
  2969 | D:5      | 2969 ||| STAIRDANCE
  2975 | D:5      | 2975 ||| STAIRDANCE
  2986 | D:5      | 2986 ||| STAIRDANCE
  3027 | D:4      | 3027 ||| Stepping randomly (stuck).
  3028 | D:4      | 3028 ||| Stepping randomly (stuck).
  3029 | D:4      | 3029 ||| Stepping randomly (stuck).
  3030 | D:4      | 3030 ||| Stepping randomly (stuck).
  3031 | D:4      | 3031 ||| Stepping randomly (stuck).
  3032 | D:4      | 3032 ||| Stepping randomly (stuck).
  3033 | D:4      | 3033 ||| Stepping randomly (stuck).
  3034 | D:4      | 3034 ||| Stepping randomly (stuck).
  3035 | D:4      | 3035 ||| Stepping randomly (stuck).
  3036 | D:4      | 3036 ||| Stepping randomly (stuck).
  3037 | D:4      | 3037 ||| Stepping randomly (stuck).
  3038 | D:4      | 3038 ||| Stepping randomly (stuck).
  3039 | D:4      | 3039 ||| Stepping randomly (stuck).
  3040 | D:4      | 3040 ||| Stepping randomly (stuck).
  3041 | D:4      | 3041 ||| Stepping randomly (stuck).
  3042 | D:4      | 3042 ||| Stepping randomly (stuck).
  3043 | D:4      | 3043 ||| Stepping randomly (stuck).
  3044 | D:4      | 3044 ||| Stepping randomly (stuck).
  3045 | D:4      | 3045 ||| Stepping randomly (stuck).
  3046 | D:4      | 3046 ||| Stepping randomly (stuck).
  3047 | D:4      | 3047 ||| Stepping randomly (stuck).
  3048 | D:4      | 3048 ||| Stepping randomly (stuck).
  3049 | D:4      | 3049 ||| Stepping randomly (stuck).
  3050 | D:4      | 3050 ||| Stepping randomly (stuck).
  3051 | D:4      | 3051 ||| Stepping randomly (stuck).
  3052 | D:4      | 3052 ||| Stepping randomly (stuck).
  3053 | D:4      | 3053 ||| Stepping randomly (stuck).
  3054 | D:4      | 3054 ||| Stepping randomly (stuck).
  3055 | D:4      | 3055 ||| Stepping randomly (stuck).
  3056 | D:4      | 3056 ||| Stepping randomly (stuck).
  3057 | D:4      | 3057 ||| Stepping randomly (stuck).
  3058 | D:4      | 3058 ||| Stepping randomly (stuck).
  3059 | D:4      | 3059 ||| Stepping randomly (stuck).
  3060 | D:4      | 3060 ||| Stepping randomly (stuck).
  3061 | D:4      | 3061 ||| Stepping randomly (stuck).
  3062 | D:4      | 3062 ||| Stepping randomly (stuck).
  3063 | D:4      | 3063 ||| Stepping randomly (stuck).
  3064 | D:4      | 3064 ||| Stepping randomly (stuck).
  3065 | D:4      | 3065 ||| Stepping randomly (stuck).
  3066 | D:4      | 3066 ||| Stepping randomly (stuck).
  3067 | D:4      | 3067 ||| Stepping randomly (stuck).
  3068 | D:4      | 3068 ||| Stepping randomly (stuck).
  3069 | D:4      | 3069 ||| Stepping randomly (stuck).
  3070 | D:4      | 3070 ||| Stepping randomly (stuck).
  3071 | D:4      | 3071 ||| Stepping randomly (stuck).
  3072 | D:4      | 3072 ||| Stepping randomly (stuck).
  3073 | D:4      | 3073 ||| Stepping randomly (stuck).
  3074 | D:4      | 3074 ||| Stepping randomly (stuck).
  3075 | D:4      | 3075 ||| Stepping randomly (stuck).
  3076 | D:4      | 3076 ||| Stepping randomly (stuck).
  3077 | D:4      | 3077 ||| Stepping randomly (stuck).
  3078 | D:4      | 3078 ||| READING scroll of teleportation.
  3189 | D:5      | Found a staircase to the Ecumenical Temple.
  3272 | D:5      | Reached XP level 7. HP: 35/35 MP: 8/8
  3441 | D:5      | 3441 ||| UPGRADING to ring of positive energy.
  3442 | D:5      | 3442 ||| READING scroll of identify.
  3442 | D:5      | 3442 ||| IDENTIFYING bubbling brown potion
  3443 | D:5      | 3443 ||| READING scroll labelled ACLUIP BUAPI.
  3504 | D:5      | 3504 ||| STAIRDANCE
  3869 | D:6      | HP: 4/35 [burnt (5)]
  3870 | D:6      | Incinerated by a bombardier beetle

Levels and vault maps discovered:
D:1:      dpeg_arrival_ratfight, layout_loops_ring, serial_shops, shop,
          wad_floor_pattern_untrapped
D:2:      layout_rooms
D:3:      layout_basic, mainiacjoe_overflow_alcove_4
D:4:      layout_basic, nicolae_overflow_hidden_temple, grunt_qazlal_sundering,
          gammafunk_temple_overflow_wave, uniq_ijyb
D:5:      layout_basic, minmay_temple_entry_waves
D:6:      layout_rooms, serial_shops, nicolae_shop_bloodbath_and_beyond, shop,
          shop, shop, serial_library_hellmonk_hallway_a, minmay_misc_feat_tiny,
          uniq_crazy_yiuf_cottage

Skill      XL: |  1  2  3  4  5  6  7 |
---------------+----------------------+-----
Dodging        | 3 4 5 6 7 |  7.0
Ranged Weapons | 5 6 7 |  7.6
Fighting       | 2 |  2.6
Stealth        | |  1.5

Action                     |  1- 3 |  4- 6 |  7- 9 || total
---------------------------+-------+-------+-------++-------
   Fire: Shortbow          |   113 |   181 |    52 ||   346
    Use: Scroll            |     4 |     7 |     2 ||    13
 Armour: Robe              |    15 |    20 |     7 ||    42
  Dodge: Dodged            |    42 |    63 |    39 ||   144

Table legend:
 A = Non-vault XP
 B = Vault XP
 C = Vault XP percentage of total XP
 D = Non-vault monster count
 E = Vault monster count
 F = Vault count percentage of total count
                 A         B        C        D         E       F
            +---------+---------+-------+---------+---------+-------
      Total |    1093 |      41 |   3.6 |      94 |       6 |   6.0
            +---------+---------+-------+---------+---------+-------
        D:1 |      25 |       5 |  16.7 |      16 |       5 |  23.8
        D:2 |      96 |       0 |   0.0 |      30 |       0 |   0.0
        D:3 |     121 |       0 |   0.0 |      15 |       0 |   0.0
        D:4 |     351 |      36 |   9.3 |      18 |       1 |   5.3
        D:5 |     458 |       0 |   0.0 |      14 |       0 |   0.0
        D:6 |      42 |       0 |   0.0 |       1 |       0 |   0.0
            +---------+---------+-------+---------+---------+-------
